 Dungeon Crawl Stone Soup version 0.18-a0-1157-g59db91b (webtiles) character file.

559801 dvd the Sorcerer (level 25, -3/140 HPs)
             Began as a Spriggan Enchanter on Jan 16, 2016.
             Was the Champion of Sif Muna.
             Killed from afar by an orb of fire (35 damage)
             ... with a fireball
             ... on level 4 of the Realm of Zot on Jan 24, 2016.
             The game lasted 13:03:08 (87441 turns).

dvd the Sorcerer (Spriggan Enchanter)              Turns: 87441, Time: 13:03:08

Health: -3/140     AC:  9    Str:  7    XL:     25   Next: 31%
Magic:  0/54       EV: 33    Int: 34    God:    Sif Muna [******]
Gold:   9044       SH: 12    Dex: 21    Spells: 18 memorised, 0 levels left

rFire  + . .     SeeInvis +     J - +6 rapier (pierce)
rCold  + . .     Gourm    .     z - +2 robe {Archmagi}
rNeg   + + .     Faith    .     e - +3 warlock's mirror {reflect}
rPois  +         Spirit   .     t - +2 hat
rElec  .         Dismiss  .     I - +2 cloak {rPois}
rCorr  .         Reflect  +     (gloves unavailable)
SustAt .         Harm     .     (boots unavailable)
MR     +++++                    g - amulet of Vitality {Regen+ HP+15}
Stlth  +++++++++.               u - ring of Ucewecyll {rF+ rN+ Str-2 Int+6 Dex+3}
                                O - ring of the Salmon {rN+ Str+2 Int+2}

@: very slightly contaminated, regenerating, hasted, repel missiles, very quick,
almost entirely resistant to hostile enchantments, incredibly stealthy
A: unfitting armour, antennae 1, see invisible, cold resistance 1, herbivore 3,
speed 3, magic resistance 1, slow metabolism 2, strong 1
a: Channel Energy, Forget Spell, Renounce Religion
}: 3/15 runes: barnacled, silver, gossamer


You were on level 4 of the Realm of Zot.
You worshipped Sif Muna.
Sif Muna was exalted by your worship.
You were hungry.

You visited 12 branches of the dungeon, and saw 55 of its levels.
You visited 1 bazaar.
You also visited: Sewer, Ossuary and Ice Cave.

You collected 9516 gold pieces.
You spent 472 gold pieces at shops.

Inventory:

Hand Weapons
 o - a +9 rapier of electrocution
 v - the +10 rapier "Tuel" {antimagic, +Blink Str+3}
   (You found it on level 12 of the Dungeon)

   It disrupts the flow of magical energy around spellcasters and certain
   magical creatures (including the wielder).
   It affects your strength (+3).
   It lets you blink.
 J - a +6 rapier of piercing (weapon)
Armour
 b - the +3 faerie dragon armour {+Inv rF+++ Int+4 Stlth-}
   (You took it off the Enchantress on level 1 of the Depths)

   It affects your intelligence (+4).
   It renders you almost immune to fire.
   It lets you turn invisible.
   It makes you less stealthy.
 e - the +3 warlock's mirror (worn) {reflect}
   (You acquired it on level 6 of the Dungeon)
 t - a +2 hat (worn)
 z - a +2 robe of the Archmagi (worn)
 I - a +2 cloak of poison resistance (worn)
Rods
 m - a +4 iron rod (9/9)
   (You found it on level 3 of the Crypt)
 A - a +5 rod of inaccuracy (10/10)
   (You found it on level 3 of the Depths)
Jewellery
 g - the amulet of Vitality (around neck) {Regen+ HP+15}
   (You found it on level 3 of the Elven Halls)

   [amulet of regeneration]

   It affects your health (+15).
   It increases your rate of regeneration.
 u - the ring of Ucewecyll (right hand) {rF+ rN+ Str-2 Int+6 Dex+3}
   (You found it on level 4 of the Vaults)

   [ring of positive energy]

   It affects your strength (-2).
   It affects your intelligence (+6).
   It affects your dexterity (+3).
   It protects you from fire.
   It protects you from negative energy.
 x - the ring "Yhig Mus" {-Tele AC+2 Int+2 Dex+5}
   (You found it on level 3 of the Crypt)

   [ring of protection]

   It affects your AC (+2).
   It affects your intelligence (+2).
   It affects your dexterity (+5).
   It prevents most forms of teleportation.
 y - the amulet of the Air {Inacc +Fly rElec EV+5 RMsl}
   (You found it on level 5 of the Vaults)

   [amulet of inaccuracy]

   It reduces the accuracy of all your attacks.
   It affects your evasion (+5).
   It insulates you from electricity.
   It lets you fly.
   It protects you from missiles.
 O - the ring of the Salmon (left hand) {rN+ Str+2 Int+2}
   (You found it in an ice cave)

   [ring of positive energy]

   It affects your strength (+2).
   It affects your intelligence (+2).
   It protects you from negative energy.
Wands
 a - a wand of teleportation (8/9)
 f - a wand of fire (15/15)
 j - a wand of paralysis (18/24)
 q - a wand of hasting (6/9)
 E - a wand of digging (22/24)
 Q - a wand of disintegration (14/24)
 S - a wand of fireball (9/15)
 U - a wand of cold (5/15)
 X - a wand of fireball (6/15)
 Z - a wand of cold (10/15)
Scrolls
 c - 9 scrolls of recharging
 i - 8 scrolls of enchant armour
 n - 22 scrolls of identify
 p - 13 scrolls of teleportation
 s - 4 scrolls of magic mapping
 w - 2 scrolls of blinking
 C - a scroll of holy word
 D - 21 scrolls of remove curse
 T - a scroll of amnesia
Potions
 h - 15 potions of curing
 k - a potion of magic
 B - a potion of might
 F - 5 potions of heal wounds
 G - 6 potions of brilliance
 K - 6 potions of cancellation
 N - 5 potions of cure mutation
 Y - 2 potions of resistance
Books
 l - Sif Muna's Disquisition on Arcane Weapons
   (Sif Muna gifted it to you on level 2 of the Realm of Zot)

   Spells                             Type                      Level
   a - Magic Dart                     Conjuration                  1
   b - Iskenderun's Battlesphere      Conjuration/Charms           5
   c - Delayed Fireball               Conjuration/Fire             7
   d - Orb of Destruction             Conjuration                  7
 r - Sif Muna's Incunabulum of Dislocation
   (Sif Muna gifted it to you on level 3 of the Crypt)

   Spells                             Type                      Level
   a - Apportation                    Translocation                1
   b - Shroud of Golubria             Charms/Translocation         2
   c - Passage of Golubria            Translocation                4
   d - Controlled Blink               Translocation                8
 H - Sif Muna's Incunabulum of Confrontation
   (Sif Muna gifted it to you on level 2 of the Realm of Zot)

   Spells                             Type                      Level
   a - Magic Dart                     Conjuration                  1
   b - Throw Icicle                   Conjuration/Ice              4
   c - Venom Bolt                     Conjuration/Poison           5
   d - Iskenderun's Battlesphere      Conjuration/Charms           5
   e - Bolt of Draining               Conjuration/Necromancy       5
 L - a book of Summonings

   Spells                             Type                      Level
   a - Recall                         Summoning/Translocation      3
   b - Aura of Abjuration             Summoning                    5
   c - Summon Demon                   Summoning                    5
   d - Summon Forest                  Summoning/Translocation      5
   e - Summon Mana Viper              Hexes/Summoning              5
   f - Shadow Creatures               Summoning                    6
 M - Ker Jire's Incunabulum of Translocation
   (Sif Muna gifted it to you on level 1 of the Depths)

   Spells                             Type                      Level
   a - Apportation                    Translocation                1
   b - Shroud of Golubria             Charms/Translocation         2
   c - Teleport Other                 Translocation                3
   d - Dispersal                      Translocation                6
   e - Malign Gateway                 Summoning/Translocation      7
 P - a book of the Dragon

   Spells                             Type                      Level
   a - Flame Tongue                   Conjuration/Fire             1
   b - Cause Fear                     Hexes                        4
   c - Bolt of Fire                   Conjuration/Fire             6
   d - Dragon Form                    Transmutation                7
   e - Dragon's Call                  Summoning                    9
 R - Sif Muna's Thorough Guide to Rites and Rhymes
   (Sif Muna gifted it to you on level 2 of the Crypt)

   Spells                             Type                      Level
   a - Borgnjor's Revivification      Necromancy                   8
   b - Necromutation                  Transmutation/Necromancy     8
 W - a book of Death

   Spells                             Type                      Level
   a - Corpse Rot                     Necromancy                   2
   b - Sublimation of Blood           Necromancy                   2
   c - Agony                          Necromancy                   5
   d - Dispel Undead                  Necromancy                   5
   e - Excruciating Wounds            Charms/Necromancy            5
   f - Bolt of Draining               Conjuration/Necromancy       5
Comestibles
 d - 16 bread rations
 V - 25 fruits


   Skills:
 * Level 10.3 Fighting
 + Level 12.4 Short Blades
 + Level 14.4 Dodging
 + Level 21.5 Stealth
 - Level 7.3 Shields
 + Level 26.0 Spellcasting
 + Level 19.0 Hexes
 + Level 16.2 Charms
 + Level 3.7 Summonings
 * Level 14.8 Necromancy
 + Level 8.3 Translocations
   Level 2.1 Transmutations
 + Level 11.8 Ice Magic
 * Level 10.1 Invocations
 + Level 3.1 Evocations


You couldn't memorise any spells.
You knew the following spells:

 Your Spells              Type           Power        Failure   Level  Hunger
a - Ozocubu's Armour      Chrm/Ice       ########     0%          3    None
b - Phase Shift           Tloc           ########..   1%          5    None
c - Confuse               Hex            ########     0%          3    None
d - Tukima's Dance        Hex            ########     0%          3    None
e - Dispel Undead         Necr           ########     1%          5    None
f - Haste                 Chrm           ########     1%          6    None
g - Control Undead        Necr           ########..   0%          4    None
h - Repel Missiles        Chrm/Air       ######       1%          2    None
i - Summon Mana Viper     Hex/Summ       ########     1%          5    None
j - Blink                 Tloc           N/A          1%          2    None
k - Regeneration          Chrm/Necr      ########..   0%          3    None
l - Animate Dead          Necr           N/A          0%          4    None
m - Discord               Hex            ########..   1%          8    None
n - Summon Ice Beast      Ice/Summ       #######.     1%          4    None
o - Aura of Abjuration    Summ           #######...   3%          5    None
p - Death Channel         Necr           ########..   1%          6    None
q - Recall                Summ/Tloc      N/A          1%          3    None
r - Summon Forest         Summ/Tloc      #######...   1%          5    None


Dungeon Overview and Level Annotations

Branches:
Dungeon (15/15)            Temple (1/1) D:6            Lair (8/8) D:9
 Shoals (4/4) Lair:3       Spider (4/4) Lair:4        Slime (0/6) Lair:7
    Orc (2/2) D:12            Elf (3/3) Orc:2        Vaults (5/5) D:14
  Crypt (3/3) Vaults:3       Tomb (1/3) Crypt:3      Depths (5/5) D:15
    Zot (4/5) Depths:5

Altars:
Ashenzari
Cheibriados
Dithmenos
Elyvilon
Fedhas
Gozag
Kikubaaqudgha
Makhleb
Nemelex Xobeh
Okawaru
Pakellas
Qazlal
Ru
Sif Muna
Trog
Vehumet
Xom
Yredelemnul
Zin
The Shining One
Beogh
Jiyva
Lugonu

Shops:
D:11 }   D:12 ?   D:13 }   D:15 %   Orc:1 }}   Orc:2 (([(   Elf:1 :
Shoals:1 (*?   Vaults:1 *   Vaults:3 =

Portals:
Hell: Depths:1 Depths:2 Depths:3 Depths:4 Depths:5
Abyss: Depths:3 Depths:4 Depths:5
Pandemonium: Depths:2 Depths:3 Depths:5
Ziggurat: Depths:4


Innate Abilities, Weirdness & Mutations

You are tiny and cannot use many weapons and most armour.
You have supernaturally acute eyesight.
You are a herbivore.
You cover ground extremely quickly.
You need consume almost no food.
You have a pair of small antennae on your head.
Your flesh is cold resistant.
You are resistant to hostile enchantments.
Your muscles are strong. (Str +2)


Message History

The fireball engulfs your red draconian zombie.
The fireball engulfs your spectral storm dragon.
Your spectral storm dragon is destroyed!
The fireball engulfs your storm dragon zombie.
Your spectral draconian hits the ghost moth.
Your mana viper closely misses the fire elemental.
The fire elemental hits your spectral draconian.
The fire elemental burns your spectral draconian!
The ghost moth stares at you.
You feel your power leaking away.
The ghost moth hits your spectral draconian but does no damage.
The ghost moth hits your spectral draconian.
The ghost moth stings your spectral draconian but does no damage.
The orb of fire glows red.
The fireball explodes!
The fireball engulfs your red draconian zombie.
Your red draconian zombie is destroyed!
The fireball engulfs the orb of fire.
The orb of fire completely resists.
The fireball engulfs you! You resist.
You die...

...# ####).########
##...# .)#
#♣.....)...♣..## ##...
#..).≈≈)≈≈.....## ##..
#.§§≈≈≈≈.≈≈≈≈≈.§.##
##.
§§§§§≈...).§≈≈≈§..##
##
≈§§§.....§§§.§§§≈..##
#
§≈§###♣''§§♣##§§§≈..##
§≈. #))§♣ #.§§§§..# §≈
♣#@)♣♣# #.§§≈≈§.#
#...Y.♣ #.§≈§≈≈§#
♣*Z)..♣ #.§§≈§≈.###
♣.Z♣S.♣ #.§.≈≈≈≈...
#♣yE.## #.?.≈≈≈≈.).
♣♣'♣♣ #...≈≈≈≈### §..#
... #..≈≈≈§.# §≈≈..##
.(. ##..≈≈≈≈.#
##§≈≈≈..##
...##.§≈≈≈≈..#


You could see an orb of fire, a ghost moth (invisible), a fire elemental, a
friendly mana viper, a friendly spectral draconian, a friendly ice beast and a
friendly storm dragon zombie.

Vanquished Creatures
  An ancient lich (Vaults:4)
  Mennas (Vaults:4)
  Mara (Elf:3)
  An orb of fire (Zot:2)
  An iron giant (Depths:4)
  Boris (Vaults:2)
  Norris (Vaults:3)
  A curse toe (Zot:3)
  A caustic shrike (Depths:2)
  2 golden dragons (Zot:2)
  6 liches
  6 tentacled monstrosities
  A deep elf master archer (Elf:3)
  A titan (Vaults:5)
  3 acid blobs (Zot:2)
  A deep elf blademaster (Elf:3)
  5 sphinxes
  8 death cobs
  4 shadow dragons
  5 ancient champions
  3 storm dragons
  A draconian monk (Zot:1)
  5 tengu reavers
  2 draconian knights (Zot:2)
  5 revenants
  A deep elf sorcerer (Elf:3)
  Wiglaf (Crypt:2)
  Maud (Lair:6)
  A frost giant (shapeshifter) (Depths:3)
  A draconian scorcher (Zot:2)
  An orc warlord (Vaults:3)
  A curse skull (Crypt:1)
  Aizul (Depths:1)
  A draconian shifter (Zot:2)
  2 iron dragons
  3 frost giants
  2 fire giants (Vaults:5)
  An emperor scorpion (Spider:4)
  4 vault wardens
  3 ghost moths
  A war gargoyle (Depths:3)
  10 stone giants
  4 ghouls
  2 spriggan defenders
  A draconian annihilator (Zot:2)
  6 ironheart preservers
  A juggernaut skeleton (Crypt:3)
  5 very ugly things
  A stone giant (shapeshifter) (Depths:3)
  A salamander stormcaller (Depths:3)
  A draconian caller (Zot:1)
  8 vampire knights
  Nessos (Orc:2)
  3 black draconians
  3 white draconians
  6 deep elf demonologists
  2 spark wasps
  4 yellow draconians
  A spectral titan (Crypt:3)
  A red draconian (Zot:4)
  3 deep elf annihilators (Elf:3)
  9 crystal guardians (Depths:3)
  A mottled draconian (Zot:1)
  7 deep elf death magi
  An ettin (shapeshifter) (Vaults:5)
  A merfolk javelineer (Depths:2)
  4 vault guards
  A quicksilver dragon zombie (Crypt:2)
  Snorg (D:13)
  A mummy priest (Tomb:1)
  2 ettins
  13 eidola
  A spectral golden dragon (Crypt:3)
  18 jiangshi
  A deep elf high priest (Elf:3)
  4 fire dragons
  3 great orbs of eyes
  7 yaktaur captains
  2 merfolk avatars
  4 entropy weavers
  A rakshasa (Vaults:1)
  A ghost crab (shapeshifter) (Depths:3)
  A spectral shadow dragon (Crypt:3)
  Harold (D:11)
  10 centaur warriors
  4 hydras
  A spriggan air mage (Depths:1)
  9 ice dragons
  An alligator snapping turtle (Shoals:4)
  2 spectral frost giants (Crypt:3)
  The ghost of st0uf the Chopper, a novice DDFi of Makhleb (D:10)
  A hell beast (Depths:5)
  4 ogre magi
  2 catoblepae
  Erolcha (D:11)
  2 deep troll shamans
  A queen ant (Lair:3)
  A tengu warrior (Depths:2)
  12 death yaks
  23 dancing weapons
  3 spectral storm dragons (Crypt:3)
  An alligator (Shoals:2)
  2 deep troll earth magi
  2 spriggan berserkers
  Nergalle (Lair:2)
  6 vampire magi
  A shock serpent (shapeshifter) (Depths:3)
  Sonja (D:10)
  13 deep elf knights
  4 hell knights
  8 shadow wraiths
  4 wizards
  12 skeletal warriors
  An iron troll (shapeshifter) (Depths:3)
  5 death scarabs (Tomb:1)
  11 sea snakes
  3 unseen horrors
  A sea snake (shapeshifter) (Depths:3)
  10 flayed ghosts
  3 giant orange brains
  13 deep elf archers
  A shadow dragon zombie (Depths:2)
  2 spectral iron dragons (Crypt:3)
  8 deep trolls
  5 obsidian statues
  6 hill giants
  10 orb spiders
  An iron dragon zombie (D:15)
  7 ironbrand convokers
  3 wolf spider zombies (Spider:1)
  14 phantasmal warriors
  A tengu zombie (Vaults:3)
  17 wolf spiders
  5 harpies
  5 necromancers
  8 orc knights
  39 deep elf magi
  An anubis guard (Tomb:1)
  A mana viper (shapeshifter) (Depths:1)
  3 oklob plants
  2 orc sorcerers
  22 ugly things
  4 hornets
  2 fauns (Shoals:3)
  A water nymph (shapeshifter) (Vaults:1)
  2 shadow dragon skeletons
  13 moths of wrath
  A moth of wrath (shapeshifter) (Depths:3)
  9 cyclopes
  A spectral ettin (Crypt:3)
  A fire giant zombie (D:15)
  An elf zombie (Depths:2)
  3 griffons
  An elephant (shapeshifter) (Depths:3)
  A water nymph (Shoals:3)
  A spectral shock serpent (Crypt:3)
  3 manticores
  4 sirens
  5 centaur zombies
  3 molten gargoyles (Depths:3)
  6 black mambas
  An ice statue (IceCv)
  6 vault sentinels
  A guardian serpent (shapeshifter) (Depths:3)
  A gargoyle (Depths:3)
  A spiny frog (shapeshifter) (Vaults:2)
  14 spiny frogs
  A yellow draconian zombie (Crypt:3)
  6 komodo dragons
  2 kobold demonologists (D:11)
  29 yaktaurs
  5 redback zombies
  8 demonic crawlers
  A fire drake (Lair:7)
  A yaktaur skeleton (Depths:1)
  17 freezing wraiths
  A minotaur zombie (Crypt:1)
  A fire drake (shapeshifter) (Vaults:4)
  A death yak skeleton (Crypt:1)
  3 tengu conjurers
  A sea snake skeleton (Crypt:3)
  8 trolls
  11 polar bears
  A harpy zombie (Crypt:1)
  2 purple draconian skeletons
  10 jumping spiders
  A queen bee (Lair:2)
  A two-headed ogre (shapeshifter) (Depths:5)
  7 merfolk
  A polar bear (shapeshifter) (Vaults:2)
  4 two-headed ogres
  2 wind drakes
  A queen ant zombie (Crypt:2)
  Prince Ribbit (D:6)
  A shadow dragon simulacrum (Depths:2)
  4 boulder beetles
  4 snapping turtles
  A hornet zombie (Crypt:1)
  3 tarantella zombies (Spider:1)
  17 slime creatures
  A hydra skeleton (Crypt:3)
  Grinder (D:3)
  An ushabti (Tomb:1)
  A spectral swamp dragon (Crypt:3)
  The ghost of Borgoz the Shield-Bearer, an amateur GrFi (D:4)
  An ettin zombie (Vaults:3)
  15 blink frogs
  3 air elementals (Depths:3)
  5 wyverns
  32 redbacks
  A yak (shapeshifter) (D:15)
  2 shadows
  A griffon skeleton (Crypt:1)
  75 yaks
  4 spriggans
  11 tarantellas
  11 wraiths
  Sigmund (D:6)
  3 vampires
  An ice dragon skeleton (Tomb:1)
  3 hungry ghosts
  The ghost of 4thArraOfDagon the Chopper, an amateur MiCj (D:3)
  Eustachio (D:6)
  A basilisk (Lair:2)
  14 water elementals
  9 fire elementals
  9 hippogriffs
  6 humans (Vaults:3)
  A spectral spiny frog (Crypt:3)
  22 vampire mosquitoes
  27 wolves
  2 wargs
  2 mottled dragons (Vaults:2)
  A merfolk zombie (Crypt:1)
  A soldier ant (shapeshifter) (Vaults:4)
  9 water moccasins
  6 soldier ants
  A spectral snapping turtle (Crypt:3)
  A hell hound (shapeshifter) (Depths:3)
  10 porcupines
  5 sky beasts
  11 ice beasts
  18 orc warriors
  An eye of draining (D:10)
  An eye of draining (shapeshifter) (Depths:3)
  A manticore zombie (Crypt:2)
  5 necrophages
  8 phantoms
  6 wasps
  10 ogres
  A tengu (shapeshifter) (Depths:3)
  14 centaurs
  9 crocodiles
  7 big kobolds
  21 giant frogs
  A big kobold (shapeshifter) (Depths:3)
  A gnoll sergeant (D:4)
  An elf skeleton (Crypt:3)
  A spiny frog simulacrum (Crypt:3)
  A deep troll simulacrum (Vaults:3)
  2 wyvern zombies
  11 earth elementals
  A wyvern skeleton (D:8)
  An adder (shapeshifter) (Depths:3)
  3 scorpions
  A warg zombie (Crypt:3)
  21 killer bees
  9 wights
  An electric eel (D:9)
  A giant frog zombie (D:12)
  7 crimson imps
  2 quasits
  7 jellies
  A soldier ant zombie (Crypt:2)
  9 hounds
  19 orc priests
  A basilisk zombie (Crypt:1)
  A black bear zombie (Crypt:1)
  2 giant frog skeletons (D:9)
  5 centaur skeletons
  18 orc wizards
  9 iguanas
  An iguana (shapeshifter) (Depths:3)
  30 worker ants
  7 sheep
  8 big kobold zombies (Ossuary)
  A big kobold skeleton (Crypt:2)
  A hound zombie (D:3)
  2 hound skeletons
  4 mummies
  4 worker ant zombies
  22 adders
  4 gnolls (D:4)
  38 river rats
  4 shadow imps
  An ooze (Sewer)
  An adder zombie (D:4)
  7 worms
  A ball lightning (Depths:3)
  10 giant geckos
  82 orcs
  8 giant cockroaches
  4 gnoll zombies (Ossuary)
  8 goblins
  6 hobgoblins
  15 jackals
  21 kobolds
  4 quokkas
  4 ball pythons
  A ball python skeleton (Crypt:3)
  9 bats
  5 bat simulacra (Ossuary)
  A giant gecko skeleton (D:6)
  4 giant newts
  2 goblin simulacra (Ossuary)
  5 goblin zombies
  8 hobgoblin zombies
  A jackal zombie (D:5)
  2 kobold simulacra (Ossuary)
  4 kobold zombies (Ossuary)
  4 orc zombies
  A quokka zombie (Crypt:3)
  15 rats
  2 rat simulacra (Ossuary)
  2 rat zombies
  4 spectral goblins (Ossuary)
  3 spectral kobolds (Ossuary)
  A spectral rat (Ossuary)
  2 fungi
  6 lost souls
  2 plants
1760 creatures vanquished.

Vanquished Creatures (collateral kills)
  A juggernaut (Depths:2)
  2 Killer Klowns
  2 caustic shrikes
  4 golden dragons
  the Enchantress (Depths:1)
  Jorgrun (Crypt:1)
  8 tentacled monstrosities
  Rupert (D:12)
  A deep elf blademaster (Elf:3)
  5 titans
  5 acid blobs (Zot:2)
  A quicksilver dragon (Vaults:4)
  Frances (D:12)
  6 storm dragons
  7 sphinxes
  A death cob (Zot:4)
  2 shadow dragons (Vaults:4)
  Ilsuiw (Shoals:4)
  Roxanne (D:14)
  3 tengu reavers
  3 draconian monks
  9 fire giants
  8 vault wardens
  3 ghost moths
  4 frost giants
  A draconian scorcher (Zot:3)
  3 draconian knights
  An iron dragon (Depths:2)
  A deep elf sorcerer (Elf:3)
  3 draconian zealots
  Louise (D:15)
  An orc warlord (Orc:2)
  3 emperor scorpions (Spider:4)
  A deep elf elementalist (Elf:3)
  6 ghouls
  5 ironheart preservers
  2 draconian shifters (Zot:4)
  3 draconian annihilators
  3 spriggan defenders
  A reaper (Crypt:2)
  4 war gargoyles
  3 very ugly things
  10 stone giants
  2 vampire knights (Crypt:3)
  4 black draconians
  7 red draconians
  13 yellow draconians
  4 deep elf demonologists
  A salamander stormcaller (Depths:3)
  A spark wasp (Depths:1)
  A purple draconian (Zot:3)
  6 green draconians
  10 ettins
  7 white draconians
  5 deep elf annihilators
  5 mottled draconians
  6 deep elf death magi
  An eidolon (Crypt:2)
  5 merfolk javelineers
  26 vault guards
  5 crystal guardians (Depths:3)
  A quicksilver dragon zombie (Depths:5)
  3 jiangshi
  2 great orbs of eyes (Vaults:3)
  8 merfolk impalers
  9 fire dragons
  4 entropy weavers (Depths:5)
  6 yaktaur captains
  Josephine (D:14)
  7 ogre magi
  2 deep elf high priests (Vaults:5)
  10 ice dragons
  A rakshasa (D:14)
  4 spriggan air magi
  2 centaur warriors
  3 catoblepae
  12 death yaks
  5 merfolk aquamancers (Shoals:4)
  2 vampire magi
  4 satyrs
  A tengu warrior (Depths:5)
  A spectral storm dragon (Crypt:3)
  2 alligator snapping turtles (Shoals:2)
  2 deep troll shamans
  37 dancing weapons
  11 hell knights
  7 deep troll earth magi
  A soul eater (Crypt:3)
  5 spriggan berserkers
  A shock serpent (shapeshifter) (Vaults:1)
  11 deep elf knights
  A storm dragon skeleton (Crypt:2)
  A spectral catoblepas (Crypt:3)
  An iron troll (shapeshifter) (Depths:1)
  8 skeletal warriors
  20 deep trolls
  7 death scarabs (Tomb:1)
  A giant orange brain (Depths:3)
  A spectral anaconda (Crypt:3)
  3 shadow wraiths
  7 sea snakes
  4 ironbrand convokers
  4 hill giants
  10 necromancers
  9 orc knights
  8 harpies
  3 wizards
  5 phantasmal warriors
  10 deep elf archers
  A harpy (shapeshifter) (Vaults:2)
  A shadow dragon skeleton (Crypt:2)
  3 griffons
  35 ugly things
  7 orb spiders
  A griffon (shapeshifter) (Depths:3)
  A manticore (Shoals:4)
  6 wolf spider zombies (Spider:1)
  33 deep elf magi
  7 fauns
  A hornet (shapeshifter) (Depths:4)
  4 orc sorcerers
  A water nymph (shapeshifter) (Depths:3)
  2 water nymphs
  18 wolf spiders
  A slime creature (Vaults:1)
  4 moths of wrath
  5 cyclopes
  A salamander (Depths:5)
  5 hornets (Spider:4)
  An elephant (shapeshifter) (Depths:3)
  A centaur zombie (D:14)
  9 sirens
  4 vault sentinels
  2 spriggan zombies (Depths:1)
  A molten gargoyle (Depths:3)
  A titan simulacrum (Crypt:3)
  A rust devil (Depths:5)
  Psyche (D:8)
  2 torpor snails
  A black mamba (Lair:7)
  2 gargoyles
  A dire elephant zombie (Crypt:2)
  3 spiny frogs (Lair:7)
  9 demonic crawlers
  3 kobold demonologists (Vaults:3)
  19 yaktaurs
  7 redback zombies
  A yaktaur skeleton (D:15)
  2 komodo dragons
  An efreet (Zot:4)
  5 trolls
  17 merfolk
  2 wind drakes
  3 freezing wraiths
  3 tengu conjurers
  13 two-headed ogres
  26 jumping spiders
  A queen bee (shapeshifter) (Vaults:5)
  5 blink frogs
  2 boulder beetles
  4 tarantella zombies (Spider:1)
  An ushabti (Tomb:1)
  11 snapping turtles
  57 redbacks
  An ettin skeleton (Depths:2)
  2 vampires (Vaults:3)
  A fire dragon skeleton (Crypt:1)
  6 spriggans
  5 air elementals
  2 shadows
  11 yaks
  A hog (shapeshifter) (Vaults:3)
  26 tarantellas
  14 fire elementals
  12 humans
  11 water elementals
  5 wraiths
  14 vampire mosquitoes
  2 hippogriffs
  A basilisk (D:15)
  An elf skeleton (Depths:2)
  An insubstantial wisp (Depths:3)
  5 wolves
  4 wargs
  A naga (shapeshifter) (Depths:4)
  A hell hound (Depths:5)
  6 water moccasins
  A porcupine (Lair:7)
  35 orc warriors
  A black bear (D:12)
  5 wasps
  A necrophage (Vaults:3)
  26 ogres
  4 centaurs
  2 human skeletons (Vaults:1)
  2 crocodiles (Lair:7)
  Blork the orc (Vaults:3)
  4 big kobolds
  2 gnoll sergeants
  A giant frog (D:12)
  7 earth elementals
  A wyvern skeleton (D:12)
  A boulder beetle zombie (Crypt:2)
  4 killer bees
  8 wights
  3 electric eels
  A yaktaur simulacrum (Vaults:1)
  A hound (D:9)
  14 orc priests
  16 jellies (Zot:2)
  11 orc wizards
  11 sheep
  A sheep (shapeshifter) (Vaults:5)
  8 gnolls
  7 river rats
  2 worms (Spider:4)
  A ball lightning (Depths:3)
  64 orcs
  A goblin (D:3)
  2 bats (Shoals:2)
  A giant newt skeleton (Crypt:3)
  8 kobolds
  A bush (Depths:2)
  2 crawling corpses (Elf:3)
  A fungus (Lair:7)
  5 plants
1269 creatures vanquished.

Vanquished Creatures (others)
  A deep elf master archer (Elf:3)
  A death cob (Zot:1)
  A storm dragon (Depths:3)
  A tengu reaver (Vaults:5)
  A deep elf sorcerer (Elf:3)
  A fire giant (Vaults:5)
  A draconian zealot (Zot:2)
  A draconian shifter (Zot:4)
  A deep elf elementalist (Elf:3)
  2 very ugly things
  A war gargoyle (Depths:3)
  3 stone giants
  2 deep elf demonologists
  A draconian caller (Zot:4)
  A white draconian (Zot:3)
  A deep elf annihilator (Elf:3)
  2 red draconians (Zot:4)
  A spark wasp (Depths:1)
  3 yellow draconians
  3 mottled draconians (Zot:4)
  A deep elf death mage (Elf:3)
  3 vault guards (Vaults:5)
  A rakshasa (Depths:1)
  2 merfolk aquamancers (Shoals:4)
  A deep troll shaman (Depths:1)
  An orc high priest (Elf:3)
  A hell knight (Depths:2)
  A deep troll (Depths:2)
  An ironbrand convoker (Vaults:5)
  A wizard (Vaults:3)
  2 deep elf magi
  A cyclops (Vaults:1)
  2 moths of wrath (Zot:2)
  7 yaktaurs
  A tengu conjurer (Depths:1)
  A wind drake (Depths:3)
  A two-headed ogre (Vaults:2)
  3 redbacks
  47 dancing weapons
  A spriggan (Depths:1)
  A vampire (Vaults:3)
  2 yaks (IceCv)
  A golden eye (shapeshifter) (Depths:3)
  A fire elemental (Depths:3)
  2 wolves (IceCv)
  A necrophage (Vaults:3)
  A centaur (D:9)
  A human skeleton (Vaults:3)
  A jelly (Zot:2)
  6 ball lightnings (Depths:3)
  An orc (D:12)
  A quokka (shapeshifter) (Vaults:5)
  17 fungi
  3 lost souls
  17 plants
  A snaplasher vine (Zot:4)
  A snaplasher vine segment (Zot:4)
166 creatures vanquished.

Grand Total: 3195 creatures vanquished

Notes
Turn   | Place    | Note
--------------------------------------------------------------
     0 | D:1      | dvd the Spriggan Enchanter began the quest for the Orb.
     0 | D:1      | Reached XP level 1. HP: 9/9 MP: 5/5
   206 | D:1      | Reached XP level 2. HP: 13/13 MP: 2/6
   210 | D:1      | Learned a level 2 spell: Ensorcelled Hibernation
   755 | D:1      | Reached skill level 5 in Stealth
   790 | D:1      | Reached XP level 3. HP: 12/16 MP: 5/8
  1394 | D:2      | Learned a level 3 spell: Confuse
  1398 | D:2      | Learned a level 3 spell: Tukima's Dance
  1412 | D:2      | Reached XP level 4. HP: 21/21 MP: 10/10
  1562 | D:2      | Reached skill level 1 in Ice Magic
  1656 | D:2      | Found a glowing golden altar of the Shining One.
  2143 | D:3      | Noticed 4thArraOfDagon's ghost (amateur MiCj)
  2158 | D:3      | Killed 4thArraOfDagon's ghost
  2158 | D:3      | Reached skill level 6 in Stealth
  2158 | D:3      | Reached skill level 5 in Hexes
  2158 | D:3      | Reached XP level 5. HP: 25/25 MP: 8/12
  2395 | D:3      | Noticed Grinder
  2520 | D:3      | Reached XP level 6. HP: 29/29 MP: 13/13
  2587 | D:3      | Found a deep blue altar of Sif Muna.
  2593 | D:3      | Became a worshipper of Sif Muna the Loreminder
  2831 | D:3      | Killed Grinder
  2954 | D:3      | Reached skill level 7 in Stealth
  3323 | D:4      | Reached XP level 7. HP: 32/32 MP: 10/15
  3338 | D:4      | Reached skill level 5 in Spellcasting
  3473 | D:4      | Reached * piety under Sif Muna
  3546 | D:4      | Found a sparkling altar of Nemelex Xobeh.
  3715 | D:4      | Found a glowing drain.
  3759 | Sewer    | Entered a sewer
  4391 | D:4      | Noticed Borgoz's ghost (amateur GrFi)
  4409 | D:4      | Reached skill level 8 in Stealth
  4570 | D:4      | Killed Borgoz's ghost
  4570 | D:4      | Reached XP level 8. HP: 25/37 MP: 5/18
  4880 | D:5      | Entered Level 5 of the Dungeon
  4917 | D:5      | Reached ** piety under Sif Muna
  5485 | D:6      | Gained mutation: You have a pair of small horns on your head. [potion of beneficial mutation]
  5624 | D:6      | Found a basalt altar of Yredelemnul.
  5692 | D:6      | Noticed Sigmund
  5696 | D:6      | Killed Sigmund
  5696 | D:6      | Reached skill level 1 in Fighting
  5915 | D:6      | Reached skill level 9 in Stealth
  6008 | D:6      | Noticed Eustachio
  6011 | D:6      | Got a thick robe
  6018 | D:6      | Killed Eustachio
  6041 | D:6      | Identified a scroll of acquirement
  6049 | D:6      | Found an iron altar of Okawaru.
  6131 | D:6      | Noticed Prince Ribbit
  6166 | D:6      | Reached XP level 9. HP: 41/41 MP: 13/21
  6178 | D:6      | Found a staircase to the Ecumenical Temple.
  6195 | Temple   | Entered the Ecumenical Temple
  6461 | D:6      | Killed Prince Ribbit
  6461 | D:6      | Reached skill level 10 in Stealth
  6853 | D:7      | Reached *** piety under Sif Muna
  7376 | D:8      | Found a glowing silver altar of Zin.
  7378 | D:8      | Found a radiant altar of Vehumet.
  7452 | D:8      | Identified the +1 robe "Uzxiof" {rCorr} (You found it on level 6 of the Dungeon)
  7475 | D:8      | Noticed Psyche
  7481 | D:8      | Killed Psyche
  7514 | D:8      | Reached skill level 11 in Stealth
  7531 | D:8      | Found a sand-covered staircase.
  7551 | Ossuary  | Entered an ossuary
  8179 | Ossuary  | Learned a level 4 spell: Cause Fear
  8302 | D:8      | Reached **** piety under Sif Muna
  8322 | D:8      | Reached XP level 10. HP: 45/45 MP: 20/24
  8632 | D:8      | Reached skill level 5 in Ice Magic
  8787 | D:9      | Found a staircase to the Lair.
  8822 | D:9      | Reached skill level 10 in Spellcasting
  9535 | D:9      | Lost mutation: You have a pair of small horns on your head. [potion of cure mutation]
  9665 | D:9      | Learned a level 2 spell: Sublimation of Blood
  9759 | Lair:1   | Entered Level 1 of the Lair of Beasts
  9951 | Lair:1   | Noticed a black mamba
  9955 | Lair:1   | Noticed a wolf spider
  9956 | Lair:1   | Killed a black mamba
  9956 | Lair:1   | Reached ***** piety under Sif Muna
  9956 | Lair:1   | Reached skill level 12 in Stealth
  9956 | Lair:1   | Reached skill level 10 in Hexes
  9991 | Lair:1   | Killed a wolf spider
  9991 | Lair:1   | Reached skill level 1 in Necromancy
 10162 | Lair:1   | Reached skill level 1 in Shields
 10334 | Lair:1   | Noticed a spiny frog
 10369 | Lair:1   | Killed a spiny frog
 10679 | Lair:1   | Noticed a spiny frog
 10682 | Lair:1   | Killed a spiny frog
 10682 | Lair:1   | Reached XP level 11. HP: 50/50 MP: 23/26
 11054 | Lair:2   | Noticed Nergalle
 11327 | Lair:2   | Reached skill level 5 in Dodging
 11373 | Lair:2   | Noticed an oklob plant
 11775 | Lair:2   | Noticed a spectral orc warlord
 12117 | Lair:2   | Reached skill level 13 in Stealth
 12154 | Lair:2   | Reached ****** piety under Sif Muna
 12154 | Lair:2   | Received a gift from Sif Muna
 12359 | Lair:2   | Killed Nergalle
 12863 | Lair:2   | Killed an oklob plant
 12928 | Lair:3   | Found a staircase to the Shoals.
 12941 | Lair:3   | Reached XP level 12. HP: 56/56 MP: 28/28
 12971 | Lair:3   | Learned a level 6 spell: Haste
 13008 | Lair:3   | Reached skill level 14 in Stealth
 13018 | Lair:3   | Reached skill level 1 in Charms
 13044 | Lair:3   | Noticed a queen ant
 13097 | Lair:3   | Killed a queen ant
 14162 | Lair:4   | Got a heavily runed cloak
 14173 | Lair:4   | Identified the +1 cloak of the Present {rCorr} (You found it on level 4 of the Lair of Beasts)
 14401 | Lair:4   | Received a gift from Sif Muna
 14404 | Lair:4   | Identified Sif Muna's Reference Book on Enhancements (Sif Muna gifted it to you on level 4 of the Lair of Beasts)
 14503 | Lair:4   | Found a hole to the Spider Nest.
 14786 | Lair:4   | Reached skill level 5 in Necromancy
 15236 | Lair:5   | Noticed a catoblepas
 15283 | Lair:5   | Killed a catoblepas
 15611 | Lair:5   | Learned a level 2 spell: Shroud of Golubria
 16034 | Lair:6   | Noticed Maud
 16327 | Lair:6   | Found a frozen archway.
 16387 | Lair:6   | Reached skill level 15 in Stealth
 16411 | IceCv    | Entered an ice cave
 16934 | IceCv    | Reached XP level 13. HP: 48/59 MP: 27/30
 17452 | IceCv    | Reached skill level 5 in Charms
 17617 | IceCv    | Noticed a frost giant
 17696 | IceCv    | Killed a frost giant
 17696 | IceCv    | Received a gift from Sif Muna
 17703 | IceCv    | Learned a level 2 spell: Repel Missiles
 17893 | IceCv    | Got a transparent ivory ring
 17895 | IceCv    | Identified the ring of the Salmon {rN+ Str+2 Int+2} (You found it in an ice cave)
 18717 | Lair:6   | Killed Maud
 18721 | Lair:6   | Gained mutation: Your flesh is cold resistant. [potion of mutation]
 18721 | Lair:6   | Gained mutation: You are resistant to hostile enchantments. [potion of mutation]
 19265 | D:10     | Entered Level 10 of the Dungeon
 19428 | D:10     | Learned a level 5 spell: Yara's Violent Unravelling
 19726 | D:10     | Noticed st0uf's ghost (novice DDFi)
 19780 | D:10     | Killed st0uf's ghost
 20104 | D:10     | Noticed Sonja
 20112 | D:10     | Killed Sonja
 20485 | D:10     | Identified Beitiric's Thaumaturgy Continued
 20489 | D:10     | Learned a level 2 spell: Blink
 20782 | D:11     | Noticed Erolcha
 20785 | D:11     | Killed Erolcha
 20826 | D:11     | Found Wueteaph's Gadget Emporium.
 20870 | D:11     | Noticed Harold
 20888 | D:11     | Killed Harold
 21074 | D:11     | Reached XP level 14. HP: 63/63 MP: 32/32
 21130 | D:11     | Received a gift from Sif Muna
 21142 | D:11     | Learned a level 3 spell: Regeneration
 21147 | D:11     | Learned a level 4 spell: Animate Dead
 21153 | D:11     | Learned a level 4 spell: Control Undead
 21496 | D:11     | Reached skill level 16 in Stealth
 21707 | D:12     | Reached skill level 5 in Short Blades
 21812 | D:12     | Noticed Rupert
 21827 | D:12     | Killed Rupert
 21870 | D:12     | Got a dazzling rapier
 21871 | D:12     | Identified the +10 rapier "Tuel" {antimagic, +Blink Str+3} (You found it on level 12 of the Dungeon)
 21908 | D:12     | Found a staircase to the Orcish Mines.
 22317 | D:12     | Got a bloodstained flail {flame}
 22318 | D:12     | Identified the cursed +2 flail of Idall {flame, -Tele rN+ Int+4} (You took it off a deep elf knight on level 12 of the Dungeon)
 22388 | D:12     | Noticed Frances
 22532 | D:12     | Reached skill level 1 in Transmutations
 23081 | D:12     | Found Juethroda's Magic Scroll Emporium.
 23106 | D:12     | Bought a scroll of enchant weapon for 90 gold pieces
 23459 | D:13     | Found Ateh's Gadget Shop.
 23677 | D:12     | Reached skill level 1 in Translocations
 23812 | D:13     | Noticed Snorg
 23845 | D:13     | Killed Snorg
 23845 | D:13     | Received a gift from Sif Muna
 24340 | Orc:1    | Entered Level 1 of the Orcish Mines
 24340 | Orc:1    | Found Kimoeb's Gadget Shoppe.
 24412 | Orc:1    | Found Ruycai's Gadget Shoppe.
 24616 | Orc:1    | Found a roughly hewn altar of Beogh.
 24835 | Orc:2    | Entered Level 2 of the Orcish Mines
 24970 | Orc:2    | Noticed Nessos
 24977 | Orc:2    | Killed Nessos
 24977 | Orc:2    | Reached skill level 1 in Evocations
 24993 | Orc:2    | Found a roughly hewn altar of Beogh.
 25242 | Orc:2    | Found a staircase to the Elven Halls.
 25582 | Orc:2    | Noticed an orc warlord
 25603 | Orc:2    | Killed an orc warlord
 25792 | Orc:2    | Found a roughly hewn altar of Beogh.
 26001 | Orc:2    | Found Ixuintop's Antique Armour Emporium.
 26003 | Orc:2    | Found a roughly hewn altar of Beogh.
 26007 | Orc:2    | Found Poqilli's Antique Weapon Shoppe.
 26019 | Orc:2    | Bought a runed cloak for 103 gold pieces
 26137 | Orc:2    | Found a roughly hewn altar of Beogh.
 26147 | Orc:2    | Found Eddugaq's Antique Weapon Emporium.
 26417 | Orc:2    | Found a roughly hewn altar of Beogh.
 26528 | Orc:2    | Found a roughly hewn altar of Beogh.
 26533 | Orc:2    | Found Suggyc's Weapon Boutique.
 26539 | Orc:2    | Reached skill level 5 in Shields
 26837 | Spider:1 | Entered Level 1 of the Spider Nest
 27190 | Spider:1 | Reached XP level 15. HP: 62/68 MP: 24/34
 27895 | Spider:1 | Reached skill level 15 in Spellcasting
 27946 | Spider:1 | Reached skill level 17 in Stealth
 28297 | Spider:1 | Reached skill level 1 in Invocations
 29332 | Spider:2 | Received a gift from Sif Muna
 29334 | Spider:2 | Identified Qezyul's Almanac of Malediction (Sif Muna gifted it to you on level 2 of the Spider Nest)
 29342 | Spider:2 | Learned a level 6 spell: Death Channel
 30616 | Spider:3 | Noticed a ghost moth
 30620 | Spider:3 | Killed a ghost moth
 30732 | Spider:3 | Got a clouded brass ring
 30734 | Spider:3 | Identified the ring "Dir Roos" {Fire rN+ Dex+4} (You found it on level 3 of the Spider Nest)
 31395 | Spider:4 | Entered Level 4 of the Spider Nest
 31852 | Spider:4 | Reached skill level 5 in Fighting
 32245 | Spider:4 | Noticed a ghost moth
 32427 | Spider:3 | Learned a level 5 spell: Summon Mana Viper
 32558 | Spider:4 | Killed a ghost moth
 32558 | Spider:4 | Reached XP level 16. HP: 34/76 MP: 1/37
 32794 | Spider:4 | Received a gift from Sif Muna
 32811 | Spider:4 | Identified Sif Muna's Collected Works on Quantum Augmentations (Sif Muna gifted it to you on level 4 of the Spider Nest)
 32816 | Spider:4 | Learned a level 3 spell: Ozocubu's Armour
 32828 | Spider:4 | Got a gossamer rune of Zot
 33948 | Lair:7   | Found a viscous altar of Jiyva.
 33948 | Lair:7   | Found a staircase to the Slime Pits.
 34160 | Lair:7   | Gained mutation: You have a pair of small antennae on your head. [potion of beneficial mutation]
 34300 | Lair:8   | Entered Level 8 of the Lair of Beasts
 34817 | Lair:8   | Reached skill level 18 in Stealth
 36166 | D:14     | Noticed Roxanne
 36216 | D:14     | Noticed Josephine
 36230 | D:14     | Killed Josephine
 36230 | D:14     | Received a gift from Sif Muna
 36393 | D:14     | Killed Roxanne
 36396 | D:14     | Identified Roxanne's Collected Works on Earthen Changing (You took it off Roxanne on level 14 of the Dungeon)
 36473 | D:14     | Learned a level 3 spell: Recall
 36981 | D:14     | Found a gate to the Vaults.
 37088 | D:14     | Identified Sif Muna's Almanac of Unholy Cold (Sif Muna gifted it to you on level 14 of the Dungeon)
 37400 | D:15     | Entered Level 15 of the Dungeon
 37477 | D:15     | Found a shadowy altar of Dithmenos.
 37663 | D:15     | Reached XP level 17. HP: 73/81 MP: 24/39
 37724 | D:15     | Found Hiwidas's Food Shop.
 37934 | D:14     | Learned a level 8 spell: Discord
 37966 | D:15     | Found a staircase to the Depths.
 38281 | D:15     | Noticed Louise
 38291 | D:15     | Killed Louise
 39092 | Elf:1    | Entered Level 1 of the Elven Halls
 39122 | Elf:1    | Reached skill level 15 in Hexes
 39233 | Elf:1    | Found Adwuyp's Book Shop.
 39409 | Elf:1    | Received a gift from Sif Muna
 39411 | Elf:1    | Identified Sif Muna's Handbook of the Oath (Sif Muna gifted it to you on level 1 of the Elven Halls)
 39695 | Elf:1    | Noticed a Shadow Fiend
 39715 | Elf:1    | HP: 2/82 [Executioner[a deep elf demonologist] (26)]
 40210 | Elf:1    | Reached skill level 1 in Summonings
 40529 | Elf:1    | Learned a level 3 spell: Ozocubu's Armour
 41028 | Elf:2    | Reached skill level 10 in Dodging
 42103 | Vaults:1 | Entered Level 1 of the Vaults
 42149 | Vaults:1 | Found Xaku's Assorted Antiques.
 42343 | Vaults:1 | Reached skill level 19 in Stealth
 43421 | Vaults:1 | Received a gift from Sif Muna
 43673 | Vaults:1 | Reached XP level 18. HP: 87/87 MP: 9/42
 44106 | Vaults:1 | Learned a level 4 spell: Summon Ice Beast
 44203 | Vaults:2 | Noticed Boris
 44494 | Vaults:2 | Killed Boris
 45381 | Vaults:2 | Reached skill level 10 in Charms
 45387 | Vaults:2 | Noticed an Ice Fiend
 45715 | Vaults:2 | Reached skill level 10 in Necromancy
 45717 | Vaults:2 | Received a gift from Sif Muna
 46218 | Vaults:3 | Reached skill level 20 in Spellcasting
 46262 | Vaults:3 | Found a staircase to the Crypt.
 46316 | Vaults:3 | Found Bosk's Jewellery Shop.
 47348 | Vaults:3 | Noticed a lich
 47371 | Vaults:3 | Killed a lich
 47371 | Vaults:3 | Reached skill level 5 in Invocations
 47500 | Vaults:3 | Noticed Norris
 47513 | Vaults:3 | Reached XP level 19. HP: 74/91 MP: 7/44
 47545 | Vaults:3 | Noticed Blork the orc
 47553 | Vaults:3 | Killed Blork the orc
 47567 | Vaults:3 | Killed Norris
 47567 | Vaults:3 | Received a gift from Sif Muna
 48696 | Vaults:4 | Got a shimmering pewter ring
 48698 | Vaults:4 | Identified the ring of Ucewecyll {rF+ rN+ Str-2 Int+6 Dex+3} (You found it on level 4 of the Vaults)
 49047 | Vaults:4 | Noticed Mennas
 49895 | Shoals:1 | Entered Level 1 of the Shoals
 50105 | Shoals:1 | Found Liyt Asa's Antique Weapon Shoppe.
 50253 | Shoals:1 | Found Aryhuita's Magic Scroll Emporium.
 50270 | Shoals:1 | Gained mutation: Your muscles are strong. (Str +2) [potion of beneficial mutation]
 50381 | Shoals:1 | Found Yrghituf's General Store.
 50482 | Shoals:1 | Found a gateway to a bazaar.
 50492 | Bazaar   | Entered a bazaar
 50492 | Bazaar   | Found Lommunech's Weapon Boutique.
 50492 | Bazaar   | Found Suomilaly's Weapon Shop.
 50530 | Bazaar   | Found Fuil's Distillery.
 50541 | Bazaar   | Found Moyck's Book Emporium.
 50561 | Bazaar   | Found Vikel's General Store.
 50569 | Bazaar   | Bought a scroll of enchant weapon for 75 gold pieces
 50600 | Bazaar   | Bought a potion of curing for 36 gold pieces
 50600 | Bazaar   | Bought a potion of magic for 96 gold pieces
 50600 | Bazaar   | Bought a potion of curing for 36 gold pieces
 50600 | Bazaar   | Bought a potion of curing for 36 gold pieces
 52451 | Shoals:4 | Entered Level 4 of the Shoals
 52678 | Shoals:4 | Noticed Ilsuiw
 52694 | Shoals:4 | Killed Ilsuiw
 52894 | Shoals:4 | Got a heavily runed tin ring
 52896 | Shoals:4 | Identified the ring "Ymeacziv" {Str+6 Dex+2} (You found it on level 4 of the Shoals)
 52989 | Shoals:4 | Identified Sif Muna's Collected Works on Vitriolic Execration (You found it on level 4 of the Shoals)
 53085 | Shoals:4 | Reached skill level 21 in Spellcasting
 53093 | Shoals:4 | Got a barnacled rune of Zot
 53198 | Shoals:4 | Got a twitching granite ring
 53200 | Shoals:4 | Identified the cursed ring "Lipeim" {*Corrode rF+ Int+4 Dex-4} (You found it on level 4 of the Shoals)
 53762 | D:12     | Killed Frances
 54025 | Elf:2    | Found a runed gate.
 54025 | Elf:2    | Found a runed gate.
 54026 | Elf:2    | Found a runed gate.
 55055 | Elf:1    | Received a gift from Sif Muna
 55423 | Elf:2    | Reached XP level 20. HP: 82/95 MP: 16/46
 55468 | Elf:2    | Reached skill level 10 in Ice Magic
 56296 | Elf:2    | Learned a level 5 spell: Aura of Abjuration
 56667 | Elf:3    | Entered Level 3 of the Elven Halls
 57652 | Elf:3    | Noticed Mara
 57697 | Elf:3    | Noticed dvd's illusion
 57942 | Elf:3    | Learned a level 5 spell: Phase Shift
 58106 | Elf:3    | Identified a -3 rod of ignition (14/14) (You subdued it on level 3 of the Elven Halls)
 58328 | Elf:3    | Noticed dvd's illusion
 58424 | Elf:3    | Noticed dvd's illusion
 58436 | Elf:3    | Killed Mara
 58496 | Elf:3    | Received a gift from Sif Muna
 58504 | Elf:3    | Identified Sif Muna's Tome of Harmful Snow (Sif Muna gifted it to you on level 3 of the Elven Halls)
 58832 | Elf:3    | Identified Sif Muna's Catalogue of Ice and the Compass (You found it on level 3 of the Elven Halls)
 58884 | Elf:3    | Identified Sif Muna's Disquisition on Changing
 59003 | Elf:3    | Identified a +1 rod of destruction (10/10) (You found it on level 3 of the Elven Halls)
 59716 | Vaults:4 | Killed Mennas
 60025 | Vaults:5 | Entered Level 5 of the Vaults
 60184 | Vaults:5 | Reached skill level 22 in Spellcasting
 60676 | Vaults:5 | Noticed a golden dragon
 60695 | Vaults:4 | Killed a golden dragon
 60718 | Vaults:4 | Reached skill level 10 in Short Blades
 60982 | Vaults:5 | Reached XP level 21. HP: 100/100 MP: 24/48
 61005 | Vaults:5 | Got a scintillating golden ring
 61007 | Vaults:5 | Identified the ring "Ebaohad" {+Fly Stlth+} (You took it off a yaktaur captain on level 5 of the Vaults)
 61118 | Vaults:5 | Noticed an ancient lich
 61142 | Vaults:4 | Killed an ancient lich
 61142 | Vaults:4 | Received a gift from Sif Muna
 61171 | Vaults:4 | Identified Sif Muna's Compendium of Sinister Arts and Aid (Sif Muna gifted it to you on level 4 of the Vaults)
 61293 | Vaults:4 | Learned a level 5 spell: Dispel Undead
 61341 | Vaults:5 | Noticed a golden dragon
 61485 | Vaults:4 | Killed a golden dragon
 63581 | Vaults:5 | Got a silver rune of Zot
 63651 | Vaults:5 | Upgraded the game from 0.18-a0-1109-gfc003ac to 0.18-a0-1157-g59db91b
 63763 | Crypt:1  | Entered Level 1 of the Crypt
 64165 | D:12     | Learned a level 4 spell: Control Undead
 64811 | Crypt:1  | Noticed Jorgrun
 64844 | Crypt:1  | Killed Jorgrun
 65438 | Crypt:2  | Noticed Wiglaf
 65442 | Crypt:2  | Killed Wiglaf
 65442 | Crypt:2  | Received a gift from Sif Muna
 65445 | Crypt:2  | Identified Sif Muna's Thorough Guide to Rites and Rhymes (Sif Muna gifted it to you on level 2 of the Crypt)
 66017 | Crypt:2  | Reached skill level 23 in Spellcasting
 66236 | Crypt:2  | Reached XP level 22. HP: 103/107 MP: 39/50
 67033 | Crypt:3  | Entered Level 3 of the Crypt
 69019 | Crypt:3  | Received a gift from Sif Muna
 69021 | Crypt:3  | Identified Sif Muna's Incunabulum of Dislocation (Sif Muna gifted it to you on level 3 of the Crypt)
 69219 | Crypt:3  | Reached skill level 5 in Translocations
 69704 | Crypt:3  | Got a wavering steel ring
 69707 | Crypt:3  | Identified the ring "Yhig Mus" {-Tele AC+2 Int+2 Dex+5} (You found it on level 3 of the Crypt)
 69714 | Crypt:3  | Identified Imigen's Papyrus of the Captivating Frostbite (You found it on level 3 of the Crypt)
 69732 | Crypt:3  | Identified a +3 rod of ignition (11/11) (You found it on level 3 of the Crypt)
 70115 | Crypt:3  | Found a staircase to the Tomb.
 70704 | Tomb:1   | Entered Level 1 of the Tomb of the Ancients
 71387 | Depths:1 | Entered Level 1 of the Depths
 71394 | Depths:1 | Noticed Aizul
 71401 | Depths:1 | Killed Aizul
 71499 | D:12     | Learned a level 6 spell: Death Channel
 71657 | Depths:1 | Noticed a caustic shrike
 71755 | Depths:1 | Found a sparkling altar of Nemelex Xobeh.
 71823 | Depths:1 | Killed a caustic shrike
 71837 | Depths:1 | Noticed the Enchantress
 71848 | Depths:1 | Killed the Enchantress
 72267 | Depths:1 | Reached skill level 15 in Charms
 72421 | Depths:1 | Received a gift from Sif Muna
 72443 | Depths:1 | Identified Ker Jire's Incunabulum of Translocation (Sif Muna gifted it to you on level 1 of the Depths)
 72558 | Depths:1 | Got a faerie dragon armour
 72569 | Depths:1 | Identified the +3 faerie dragon armour {+Inv rF+++ Int+4 Stlth-} (You took it off the Enchantress on level 1 of the Depths)
 72858 | Depths:1 | Reached XP level 23. HP: 110/110 MP: 38/51
 72873 | Depths:1 | Found a gateway to Hell.
 73558 | Depths:2 | Found a one-way gate leading to the halls of Pandemonium.
 73575 | Depths:2 | Reached skill level 24 in Spellcasting
 73865 | Depths:2 | Got an ancient scimitar
 73983 | Depths:2 | Noticed a caustic shrike
 73995 | Depths:2 | Killed a caustic shrike
 74785 | Depths:2 | Noticed a juggernaut
 74790 | Depths:2 | Noticed a caustic shrike
 74821 | Depths:2 | Killed a caustic shrike
 74832 | Depths:2 | Killed a juggernaut
 74953 | Depths:2 | Got a flickering lead ring
 74955 | Depths:2 | Identified the ring "Zaogais" {*Tele Dex+7} (You found it on level 2 of the Depths)
 74971 | Depths:2 | Identified the Volume of Slavery and Translocation (You found it on level 2 of the Depths)
 75881 | Depths:3 | Noticed a caustic shrike
 75881 | Depths:3 | an iron dragon changed into a caustic shrike
 75891 | Depths:3 | a caustic shrike changed into a shadow dragon
 75955 | Depths:3 | Received a gift from Sif Muna
 75958 | Depths:3 | Identified Sif Muna's Almanac of the Rocks (Sif Muna gifted it to you on level 3 of the Depths)
 78294 | Depths:3 | Got a slimy pewter ring
 78296 | Depths:3 | Lost strength.
 78296 | Depths:3 | Identified the ring "Ihoic" {rC+ MR+++ Str-4 Slay-3 SInv} (You found it on level 3 of the Depths)
 78326 | Depths:3 | Got a shimmering long sword
 78791 | Depths:3 | Identified a cursed +5 rod of inaccuracy (10/10) (You found it on level 3 of the Depths)
 78824 | Depths:3 | Noticed a caustic shrike
 78835 | Depths:3 | a caustic shrike changed into an iron dragon
 79111 | Depths:3 | Found a one-way gate to the infinite horrors of the Abyss.
 79156 | Depths:3 | Got a crystal morningstar
 79523 | Depths:4 | Found a gateway to a ziggurat.
 79736 | Depths:4 | Found a corrupted altar of Lugonu.
 80553 | Depths:4 | Noticed an iron giant
 81574 | Depths:4 | Reached XP level 24. HP: 86/118 MP: 37/52
 81606 | Depths:4 | Learned a level 3 spell: Recall
 81681 | Depths:4 | Killed an iron giant
 81681 | Depths:4 | Received a gift from Sif Muna
 81683 | Depths:4 | Identified Sif Muna's Compendium of Feathery Confrontation (Sif Muna gifted it to you on level 4 of the Depths)
 81804 | Depths:4 | Reached skill level 25 in Spellcasting
 81894 | Depths:5 | Entered Level 5 of the Depths
 82323 | Depths:5 | Found a gate to the Realm of Zot.
 82685 | Zot:1    | Entered Level 1 of the Realm of Zot
 83980 | Zot:2    | Noticed an orb of fire
 83984 | Zot:2    | Killed an orb of fire
 83984 | Zot:2    | Received a gift from Sif Muna
 83986 | Zot:2    | Identified Sif Muna's Incunabulum of Confrontation (Sif Muna gifted it to you on level 2 of the Realm of Zot)
 85457 | Zot:2    | Reached skill level 10 in Fighting
 85678 | Zot:2    | Received a gift from Sif Muna
 85685 | Zot:2    | Identified Sif Muna's Disquisition on Arcane Weapons (Sif Muna gifted it to you on level 2 of the Realm of Zot)
 85915 | Zot:3    | Reached XP level 25. HP: 52/123 MP: 29/53
 87023 | Zot:4    | Reached skill level 26 in Spellcasting
 87030 | Zot:4    | Learned a level 5 spell: Summon Forest
 87078 | Zot:4    | Reached skill level 10 in Invocations
 87417 | Zot:4    | Noticed an orb of fire
 87441 | Zot:4    | Killed from afar by an orb of fire

Vault maps used:
D:1:      minmay_arrival_stone_box
D:2:      tso_metal_star
D:3:      first_bread, roderic_serpentine_path, led_sif_pool, uniq_grinder
D:4:      nemelex_xobeh_ov_fountains_minmay, gup_sewer_entry_spiral,
          dk_rats_in_the_wall
D:5:      corner_web_ring
D:6:      lemuel_round_altar, temple_statues, basic_altar,
          hangedman_abyss_or_decor_slice, uniq_sigmund, uniq_eustachio,
          uniq_prince_ribbit1
D:7:      serial_glass, glass_columns_b, glass_columns_c
D:8:      nicolae_overflow_hidden_temple, enter_ossuary_4, the_bakery,
          uniq_psyche
D:9:      erik_lair_orcish_takeover
D:10:     evilmike_minifort, uniq_sonja
D:11:     serial_shops, kennysheep_mini_moat, uniq_erolcha, uniq_harold
D:12:     david_orc_2, serial_shops, nicolae_shop_window_shopping,
          grunt_potential, uniq_frances, uniq_rupert
D:13:     serial_shops, shop, st_stairs_1, lightli_wizard_tower, uniq_snorg
D:14:     grunt_vaults_entry_fortified, hangedman_decor_lopped, uniq_josephine,
          uniq_roxanne
D:15:     gammafunk_depths_entry_grave, serial_bayou_ford_a, serial_shops,
          nicolae_shop_statue_plus, nicolae_benzene_ring,
          nicolae_dithmenos_shadow_blocks, uniq_louise
Temple:   lightli_temple_of_artemis
Lair:1:   minmay_lair_venomous_thicket, serial_bayou_shore_b
Lair:2:   minmay_lair_oklob_items, special_room,
          eino_small_chamber_without_monster, st_stairs_6, minivault_25,
          uniq_nergalle
Lair:3:   elwin_shoals_entry_stream, minmay_another_anthill,
          serial_bayou_shore_b
Lair:4:   spider_nest_entry_rubble, serial_bayou_pond_c
Lair:6:   portal_ice_cave_entry_ice_beasts, grunt_forest_large_clearings,
          lemuel_fruit_fields, uniq_maud
Lair:7:   dpeg_slime_entry_enclosed_altar, hangedman_lair_generics_rect
Lair:8:   evilmike_catoblepas_cave, grunt_megastairs_5
Shoals:1: serial_shops, bzr_entry_islet, nicolae_shop_behind_doors, shop, shop,
          dpeg_stationary_puzzle
Shoals:2: nicolae_shoals_siren_and_animal_friends
Shoals:4: shoals_end_grunt_ice, shoal_ilsuiw
Spider:1: lemuel_spider_zombies
Spider:2: spider_trap, einodemon_crawler_minivault
Spider:3: spider_trap, spiders_nest_spider_trap, nicolae_spider_cling_ruins
Spider:4: grunt_spider_rune_parallel, hive_lemuel
Orc:1:    serial_shops, nicolae_shop_stone, shop, minmay_orc_temple_a
Orc:2:    grunt_orc_community_town_hall, grunt_orc_community_big_house_2,
          grunt_orc_community_big_house_2, grunt_orc_community_house_3,
          grunt_orc_community_house_1, grunt_orc_community_house_3,
          grunt_orc_community_house_2, grunt_orc_community_house_2, uniq_nessos
Elf:1:    kennysheep_blocky_room, serial_shops, shop,
          hangedman_elven_crosses_minicolossus, nicolae_elf_big_sculpture_1,
          nooodl_food_tri
Elf:3:    elf_hall, grunt_megastairs_3, uniq_mara
Vaults:1: nicolae_vaults_big_ls, grunt_vaults_trifunnel,
          nicolae_vaults_little_squares_2, nicolae_vaults_alarming,
          nicolae_vaults_display_case, v_alt_pattern_3, v_pattern_2, v_misc_8,
          ontoclasm_vaults_chip, serial_shops, shop
Vaults:2: nicolae_vaults_diagonal_hallway_6, v_misc_25, vaults_room_large_hall,
          hangedman_vaults_nodes, vaults_room_door_hall,
          nicolae_vaults_asterisk, vaults_dpeg_cross, nicolae_vaults_little_ls,
          v_alt_pattern_5, uniq_boris
Vaults:3: ontoclasm_vaults_hangar, hangedman_vaults_corner_blocks,
          minmay_crypt_entry_simple_round, metal_show,
          nicolae_vaults_little_squares_3, nicolae_vaults_branching_niches,
          hangedman_vaults_variations, vaults_dpeg_hooks,
          nicolae_vaults_angled_halls, vaults_mumra_lcd,
          nicolae_vaults_ninety_degrees, serial_shops, shop_fountains
Vaults:4: nicolae_vaults_three_branches, vaults_room_semicircle, v_misc_11,
          v_misc_17, v_misc_11, ontoclasm_vaults_shuriken,
          nicolae_vaults_ring_of_whatevers, v_misc_26, v_misc_12,
          vaults_room_hallway, vaults_room_corners, uniq_mennas
Vaults:5: serial_shops
Crypt:1:  uniq_jorgrun
Crypt:2:  roderic_lattice_octagonal_star, grunt_megastairs_2,
          basic_stair_grate_trap, uniq_wiglaf
Crypt:3:  due_elkab, grunt_ministairs_5
Depths:1: minmay_crescents, minmay_large_rounded_square,
          pf_vacation_house_of_asmodeus, minmay_misc_feat_five,
          nemelex_diamond_rough_becter, uniq_aizul, uniq_enchantress
Depths:2: minmay_broken_ring, hangedman_glass_teeth, hell_entry, pan_entry,
          minmay_hedge_maze, minmay_misc_feat_cross, roderic_roman_lattice,
          minmay_staircase_bubble, serial_bayou_shore_a, firewood_loft,
          serial_bayou_shore_b
Depths:3: radiant_caverns_a_rkd, pan_entry, hell_entry, abyss_entry
Depths:4: cell_vault, enter_ziggurat_e, abyss_entry_flame_altar,
          grunt_hell_entry_dis_mu, infiniplex_staircase_zigzag_5,
          serial_column_ruins, column_ruins_columns_straight,
          column_ruins_open_small, column_ruins_columns_straight,
          column_ruins_grid_4, column_ruins_grid_3, lightli_minifort
Depths:5: evilmike_zot_entry_diamond, minmay_tree_intersection,
          abyss_entry_crystal, grunt_mini_vestibule, pan_entry,
          lightli_fourway_metalbox
Zot:2:    lemuel_acid_trip, zot_minivault_6, lemuel_elevator
Zot:4:    lemuel_firehouse
Bazaar:   bazaar_jpeg_hexagon
Sewer:    sewer_co_15_rooms
Ossuary:  ossuary_zaba_two_paths
IceCv:    ice_cave_caverns_02

Action                   |  1- 3 |  4- 6 |  7- 9 | 10-12 | 13-15 | 16-18 | 19-21 | 22-24 | 25-27 || total
-------------------------+-------+-------+-------+-------+-------+-------+-------+-------+-------++-------
Melee: Dagger            |    73 |    70 |   147 |       |       |       |       |       |       ||   290
       Rapier            |       |       |   158 |   429 |   935 |  1097 |  1228 |  1391 |   129 ||  5367
 Cast: Corona            |    14 |       |       |       |       |       |       |       |       ||    14
       Ensorcelled Hiber |    15 |    35 |    63 |   176 |   300 |   144 |    21 |       |       ||   754
       Tukima's Dance    |       |     6 |    20 |     9 |    92 |   108 |   205 |    93 |    12 ||   545
       Confuse           |       |     3 |    52 |    51 |   113 |    85 |   129 |   143 |    18 ||   594
       Cause Fear        |       |       |       |     6 |    18 |     3 |       |       |       ||    27
       Shroud of Golubri |       |       |       |     3 |    22 |       |       |       |       ||    25
       Blink             |       |       |       |       |     9 |     4 |    11 |     3 |       ||    27
       Yara's Violent Un |       |       |       |       |     5 |       |       |       |       ||     5
       Repel Missiles    |       |       |       |       |     1 |     3 |     7 |     6 |     1 ||    18
       Animate Dead      |       |       |       |       |    63 |   103 |    98 |    72 |    12 ||   348
       Regeneration      |       |       |       |       |    37 |    52 |    45 |    40 |     3 ||   177
       Control Undead    |       |       |       |       |    12 |       |     8 |    18 |       ||    38
       Death Channel     |       |       |       |       |    18 |    70 |    56 |    42 |     6 ||   192
       Summon Mana Viper |       |       |       |       |     4 |    21 |    70 |    76 |     7 ||   178
       Haste             |       |       |       |       |     1 |     3 |     5 |     8 |     1 ||    18
       Ozocubu's Armour  |       |       |       |       |       |    46 |    97 |   108 |    11 ||   262
       Recall            |       |       |       |       |       |    31 |    25 |     4 |     3 ||    63
       Discord           |       |       |       |       |       |     8 |    14 |    31 |     6 ||    59
       Summon Ice Beast  |       |       |       |       |       |     3 |    42 |    61 |     2 ||   108
       Phase Shift       |       |       |       |       |       |       |    27 |    38 |     4 ||    69
       Aura of Abjuratio |       |       |       |       |       |       |    14 |    17 |     1 ||    32
       Dispel Undead     |       |       |       |       |       |       |    39 |   188 |       ||   227
       Summon Forest     |       |       |       |       |       |       |       |       |     1 ||     1
Invok: Channel Energy    |       |       |     4 |       |    28 |    50 |    21 |    13 |       ||   116
       Forget Spell      |       |       |       |       |       |       |     1 |       |       ||     1
Evoke: Wand              |       |       |     1 |     3 |    30 |    24 |    26 |    14 |     1 ||    99
       Rod               |       |       |       |       |       |       |     2 |     4 |       ||     6
  Use: Potion            |       |       |    10 |    13 |    12 |    14 |    21 |     4 |       ||    74
       Scroll            |       |       |    15 |     9 |    28 |    21 |    20 |    14 |       ||   107
 Stab: Sleeping          |    28 |    32 |    93 |   166 |   216 |   154 |    57 |    44 |     1 ||   791
       Confused          |       |     7 |    19 |    35 |    64 |    49 |    70 |    68 |    12 ||   324
       Distracted        |       |       |     1 |     4 |    10 |    34 |    27 |    50 |     4 ||   130
       Petrified         |       |       |       |     2 |       |       |       |       |       ||     2
       Fleeing           |       |       |       |     2 |     1 |       |       |       |       ||     3
       Held in net/web   |       |       |       |       |     2 |       |       |     1 |       ||     3
       Petrifying        |       |       |       |       |       |     2 |       |       |       ||     2
       Paralysed         |       |       |       |       |       |       |     1 |       |       ||     1
  Eat: Bread ration      |       |     1 |     1 |       |     1 |     2 |     4 |     4 |       ||    13
       Pizza             |       |       |       |     2 |     5 |     2 |     3 |     3 |       ||    15
       Royal jelly       |       |       |       |     2 |     6 |     8 |       |     1 |       ||    17
       Fruit             |       |       |       |       |       |     9 |     6 |     2 |     2 ||    19
